Cogmind - Beta 13 @@@ ROGUE MODE // 2024.04.07 @ 18:45:37 Player: b00n1n Result: Destroyed by D-53 Grenadier with Mini Grenade Launcher Performance ------------- Evolutions (0) 0 Regions Visited (2) 400 Robots Destroyed (5) 25 Value Destroyed (43) 43 Prototype IDs (0) 0 Alien Tech Used (0) 0 Bonus (60) 60 TOTAL SCORE: 528 Bonus ------- Follower Combat Kills 60 Cogmind --------- Core Integrity 0/250 Matter 309/350 Energy 80/125 System Corruption 0% Temperature Cool (0) Movement Walking (120) Location -10/Mines Parts ------- > --- POWER (1) -------- Light Ion Engine > --- PROPULSION (2) --- Aluminum Leg Aluminum Leg > --- UTILITY (2) ------ Medium Storage Unit Small Matter Pod > --- WEAPON (2) ------- Light Assault Rifle > --- INVENTORY (10) --- Light Treads Large Storage Unit Particle Gun Rocket Launcher Peak State ------------ > --- POWER ------------ Light Ion Engine > --- PROPULSION ------- Aluminum Leg Aluminum Leg > --- UTILITY ---------- Medium Storage Unit Improved Terrain Scanner > --- WEAPON ----------- Light Assault Rifle Light Assault Rifle > --- INVENTORY -------- Light Ion Engine Light Ion Engine Light Treads Light Treads Aluminum Leg Small Storage Unit Small Matter Pod Seismic Detector Small Laser Light Assault Rifle [Rating: 10] Favorites ----------- Power Light Ion Engine Engine Light Ion Engine Propulsion Aluminum Leg Leg Aluminum Leg Utility Improved Terrain Scanner Device Improved Terrain Scanner Storage Medium Storage Unit Weapon Light Assault Rifle Energy Gun Small Laser Ballistic Gun Light Assault Rifle Build | -11 -10 -10 ------- Run | Yrd Mat Min Slots Evolved . | . . . Power . | . . . Propulsion . | . . . Utility . | . . . Weapon . | . . . Parts Attached 18 | 9 2 7 Power 4 | 1 . 3 Engine 4 | 1 . 3 Core . | . . . Reactor . | . . . Propulsion 6 | 2 1 3 Treads . | . . . Leg 6 | 2 1 3 Wheel . | . . . Hover . | . . . Flight . | . . . Utility 5 | 3 1 1 Device 2 | 2 . . Storage 3 | 1 1 1 Processor . | . . . Hackware . | . . . Protection . | . . . Artifact . | . . . Weapon 3 | 3 . . Energy Gun 1 | 1 . . Energy Cannon . | . . . Ballistic Gun 2 | 2 . . Ballistic Cannon . | . . . Launcher . | . . . Special Weapon . | . . . Impact Weapon . | . . . Slashing Weapon . | . . . Piercing Weapon . | . . . Special Melee Weapon . | . . . Unidentified Prototypes . | . . . Parts Lost 7 | . . 7 Power 2 | . . 2 Propulsion 3 | . . 3 Utility 1 | . . 1 Weapon 1 | . . 1 Highest Loss Streak 7 | . . 7 To Critical Strikes . | . . . Average Slot Usage (%) 99 | . 99 99 Engine 14 | . 14 14 Leg 27 | . 27 27 Device 13 | . 14 13 Storage 14 | . 14 14 Ballistic Gun 28 | . 28 28 Naked Turns . | . . . Heaviest Build 18 | 11 16 18 Greatest Support 20 | 20 20 20 Greatest Overweight (x) 2 | 2 1 . Average Overweight (x) . | . . . Largest Inventory Capacity 10 | 8 10 10 Average Capacity 9 | 7 8 10 Most Carried 10 | 8 10 10 Average Carried 8 | 6 8 9 Final Capacity 10 | 8 10 10 Final Carried 10 | 8 10 4 Class Distribution -------------------- 100% | Mutant Dominant Class ---------------- Mutant | -10/Materials Mutant | -10/Mines Resources | -11 -10 -10 ----------- Run | Yrd Mat Min Matter Collected 400 | 308 46 46 Remotely . | . . . Salvage Created 122 | 76 46 . Parts 14 | 9 5 . Haulers Intercepted . | . . . Recyclers Shooed . | . . . Parts Field Recycled . | . . . Retrieved Matter . | . . . Parts Self-Destructed . | . . . Prevented . | . . . Kills | -11 -10 -10 ------- Run | Yrd Mat Min Combat Hostiles Destroyed 3 | . 3 . Guns 3 | . 3 . Classes Destroyed 3 | 2 1 . Tunneler 1 | 1 . . Recycler 1 | 1 . . Swarmer 3 | . 3 . Best Kill Streak 3 | 1 3 . Combat Bots Only 3 | . 3 . Max Kills in Single Turn 2 | 1 2 . Gunslinging 1 | . 1 . Exploded . | . . . Melee . | . . . Uniques/NPCs Destroyed . | . . . Combat | -11 -10 -10 -------- Run | Yrd Mat Min Hostile Shots Fired 34 | . 14 20 Missed 5 | . 3 2 Damage Taken 889 | . 92 797 Core 299 | . 17 282 Absorbed by Shields . | . . . Regen/Repaired (Parts) 25 | . 25 . Core Remaining (%) 100 | 100 . . Volleys Fired 21 | 9 6 6 Largest 2 | 2 2 2 Hottest 40 | 40 40 40 Shots Fired 42 | 18 12 12 Gun 42 | 18 12 12 Cannon . | . . . Launcher . | . . . Special . | . . . Kinetic 42 | 18 12 12 Thermal . | . . . Explosive . | . . . Electromagnetic . | . . . Robot Hit Streak 3 | 3 2 2 Robot Miss Streak 5 | 3 5 4 Penetration Max . | . . . Secondary Targets 1 | . 1 . Max Gunslinging Chain 1 | . 1 . Shots Hit Robots 18 | 10 3 5 Core Hits 9 | 5 3 1 Critical Kills . | . . . Critical Parts Destroyed . | . . . Critical Strikes . | . . . Melee Attacks . | . . . Impact . | . . . Slashing . | . . . Piercing . | . . . Sneak Attacks . | . . . Combat Hostiles . | . . . Follow-up Attacks . | . . . Damage Inflicted 155 | 70 39 46 Guns 155 | 70 39 46 Cannons . | . . . Explosions . | . . . Melee . | . . . Ramming . | . . . Kinetic 155 | 70 39 46 Thermal . | . . . Explosive . | . . . Electromagnetic . | . . . Impact . | . . . Slashing . | . . . Piercing . | . . . Highest Corruption . | . . . Average Corruption . | . . . Corruption Purged . | . . . Corruption Blocked . | . . . Overload Shots . | . . . Overflow Damage . | . . . Projectiles . | . . . Explosions . | . . . Melee . | . . . Knockbacks . | . . . Impact . | . . . Kinetic . | . . . Secondary . | . . . Self-Inflicted Damage . | . . . Shots . | . . . Rammed . | . . . Targets Rammed . | . . . Kicked . | . . . Crushed . | . . . Highest Temperature . | . . . Average Temperature . | . . . Received Heat Transfer . | . . . Siege Activations . | . . . Robots Corrupted . | . . . Combat Hostiles . | . . . Parts Fried . | . . . Impact Corruptions . | . . . Robots Melted . | . . . Combat Hostiles . | . . . Parts Melted . | . . . Heat Transferred . | . . . Parts Sabotaged . | . . . Parts Stolen . | . . . Parts Stripped . | . . . Power Chain Reactions . | . . . Alert | -11 -10 -10 ------- Run | Yrd Mat Min Peak Influence 121 | 10 121 98 Initial 46 | . 6 46 Average 48 | 4 57 57 Maximum Alert Level . | . . . Low Security (%) 100 | 100 100 100 Level 1 . | . . . Level 2 . | . . . Level 3 . | . . . Level 4 . | . . . Level 5 . | . . . High Security . | . . . Max Security . | . . . Squads Dispatched . | . . . Investigation . | . . . Extermination . | . . . Reinforcement . | . . . Assault . | . . . Garrison . | . . . Intercept . | . . . Searches Triggered . | . . . Construction Impeded . | . . . Haulers Reinforced . | . . . Active Scanning Responses . | . . . Cargo Convoy Interrupts . | . . . Stealth | -11 -10 -10 --------- Run | Yrd Mat Min Distress Signals . | . . . Communications Jammed . | . . . Distress Signals . | . . . Times Spotted 12 | . 4 8 Peak Tracking Total 7 | . 3 7 Tactical Retreats . | . . . Traps | -11 -10 -10 ------- Run | Yrd Mat Min Traps Triggered . | . . . Indirectly . | . . . Trap Hack Attempts . | . . . Triggered . | . . . Disarmed . | . . . Reprogrammed . | . . . Reused . | . . . Traps Extracted . | . . . Installed . | . . . Triggered . | . . . Machines | -11 -10 -10 ---------- Run | Yrd Mat Min Machines Disabled . | . . . Max in Single Turn . | . . . Machines Repaired . | . . . Machines Dismantled . | . . . Machines Sabotaged . | . . . Overloaded Fab Kills . | . . . Hacking | -11 -10 -10 --------- Run | Yrd Mat Min Machines Accessed 6 | . 6 . Terminals 5 | . 5 . Fabricators . | . . . Repair Stations 1 | . 1 . Recycling Units . | . . . Scanalyzers . | . . . Garrison Access . | . . . Total Hacks 14 | . 14 . Successful 8 | . 8 . Failed 6 | . 6 . Catastrophic 1 | . 1 . Database Lockouts . | . . . Manual . | . . . Terminals 12 | . 12 . Fabricators . | . . . Repair Stations 2 | . 2 . Recycling Units . | . . . Scanalyzers . | . . . Garrison Access . | . . . Terminal Hacks 6 | . 6 . Emergency Access Points 1 | . 1 . Locate Traps 5 | . 5 . Fabricator Hacks . | . . . Repair Station Hacks 2 | . 2 . Scan Component 1 | . 1 . Repair 1 | . 1 . Recycling Unit Hacks . | . . . Scanalyzer . | . . . Garrison Access Hacks . | . . . Unauthorized Hacks . | . . . Terminals . | . . . Fabricators . | . . . Repair Stations . | . . . Recycling Units . | . . . Scanalyzers . | . . . Garrison Access . | . . . Data Cores Recovered . | . . . Used . | . . . Hacking Detections 5 | . 5 . Full Trace Events . | . . . Feedback Events . | . . . Feedback Blocked . | . . . Robot Schematics Acquired . | . . . Robots Built . | . . . Authchips . | . . . Time . | . . . Total Robot Build Rating . | . . . Part Schematics Acquired . | . . . Parts Built . | . . . Authchips . | . . . Time . | . . . Total Part Build Rating . | . . . Parts Repaired 1 | . 1 . Time 26 | . 26 . Parts Recycled . | . . . Recycled Matter . | . . . Retrieved Matter . | . . . Retrieved Components . | . . . Parts Scanalyzed . | . . . Part Schematics Acquired . | . . . Parts Damaged . | . . . Bothacking | -11 -10 -10 ------------ Run | Yrd Mat Min Used RIF Installer . | . . . Robots Hacked . | . . . Non-combat . | . . . Combat . | . . . Robot Hacks Applied . | . . . Relay Couplers Released . | . . . Fabnet Peak Effective % . | . . . Robots Rewired . | . . . Allies Hacked . | . . . Hacks Repelled . | . . . Allies | -11 -10 -10 -------- Run | Yrd Mat Min Total Allies 3 | . . 3 Largest Group 3 | . . 3 Highest-Rated Group 40 | . . 40 Highest-Rated Ally 16 | . . 16 Total Orders . | . . . Ally Attacks 9 | . . 9 Total Damage 111 | . . 111 Kills 2 | . . 2 Allies Corrupted . | . . . Allies Melted . | . . . Intel | -11 -10 -10 ------- Run | Yrd Mat Min Robot Analysis Total . | . . . Derelict Logs Recovered . | . . . Drone Launches . | . . . Drone Recoveries . | . . . Exploration | -11 -10 -10 ------------- Run | Yrd Mat Min Turns Passed 774 | 129 399 246 Spaces Moved 529 | 72 298 159 Core 7 | 7 . . Treads . | . . . Legs 522 | 65 298 159 Wheels . | . . . Hover . | . . . Flight . | . . . Fastest Speed 50 | 50 120 120 Average Speed 120 | 117 120 120 Slowest Speed 190 | 190 190 120 Overloaded Moves . | . . . Propulsion Burnouts . | . . . Robots Hopped . | . . . Cave-ins Triggered . | . . . Exploration Rate (%) 35 | 3 59 45 Regions Visited 2 Branch Regions 1 Pre-discovered Areas . | . . . Known Exits Taken . | . . . Unknown Exits Taken 2 | 1 1 . Scrap Searched . | . . . Spaces Dug . | . . . Terrain Destroyed . | . . . Melee . | . . . Projectile . | . . . AOE . | . . . Terrain Rammed . | . . . Walls Destroyed . | . . . Machines Disabled . | . . . Actions | -11 -10 -10 --------- Run | Yrd Mat Min Total 635 | 99 329 207 Wait 38 | . 14 24 Move 527 | 71 297 159 Hop . | . . . Pick Up 18 | 7 6 5 Fast Attach 9 | 9 . . Attach 7 | . 1 6 Detach 2 | 2 . . Swap 2 | . 1 1 Drop 11 | 1 4 6 Fire 21 | 9 6 6 Melee . | . . . Ram . | . . . Kick . | . . . Crush . | . . . Escape Stasis . | . . . Rewire . | . . . Trap . | . . . Miscellaneous . | . . . Route ------- -11/Scrapyard -10/Materials -10/Mines (discovered 1 exit: [*Mat]) History --------- Turn | Location | Event 14 | -11/Scrapyard | Discovered new exit (range 15) 130 | -11/Scrapyard | Entered Materials 319 | -10/Materials | Build established: Mutant 488 | -10/Materials | Repaired Aluminum Leg 510 | -10/Materials | Discovered new exit (range 16) 529 | -10/Materials | Entered Mines 606 | -10/Mines | Assisted by bots powering up and referring to "LRC-V3" 720 | -10/Mines | Discovered new exit (range 15) 734 | -10/Mines | Received a Rocket Launcher from a helpful Derelict 740 | -10/Mines | Assembled infested the area 766 | -10/Mines | Core integrity fell below 50% 772 | -10/Mines | Core integrity fell below 20% 775 | -10/Mines | Destroyed by D-53 Grenadier with Mini Grenade Launcher Last Messages --------------- Aluminum Leg destroyed. U-05 Engineer lays Concrete. Ion Engine destroyed. U-05 Engineer lays Concrete. The unstable cave ceiling collapses. U-05 Engineer lays Concrete. Imp. Terrain Scanner destroyed. Aluminum Leg destroyed. U-05 Engineer lays Concrete. as-15126 destroyed. as-98915 destroyed. The unstable cave ceiling collapses. Ion Engine destroyed. Aluminum Leg destroyed. The unstable cave ceiling collapses. K-01 Serf collects debris. The unstable cave ceiling collapses. Lgt. Assault Rifle destroyed. D-53 Grenadier destroyed. K-01 Serf collects debris. Map ----- +----------------------------------------------------+ | | | | | ?????????????????????????????????????????????????? | | #????????????????????????????????????????????????? | | ?????????????????????????????????????????????????? | | #??########???? ?????????????????????????????????? | | ???# #??????????????????????????????????????? | | ???# """ #?????#?????? ??????????????????????? | | ???# """ #????????#??? ????????????????????? | | ?#?# """ #???????????# ???????????????????? | | ##?# #?????????## ??????????????????? | | ##?# *[=#?????????# ?????????????????? | | ?#?# % #?????????# ?#??????????????? | | ???#####*##?#####?### ????????????????? | | ???????# #?## #### #???????????????? | | #?#????#%#?# ## k #????????????????? | | ?#?#####=### #?????????????????? | | ???# % ! %< #?????#???????????? | | ?#?# ####### *= #?????????????????? | | ???# #????## !%= #?????????????????????? | | #### #????# a] ###????#???????????????? | | #????# a ##? ##??????????????? | | ######????# d # #??????????????? | | ?????#???# ???????????????? | | #????????# #??????????????????? | | #????????# @ #??????????????????? | | ??????#??# ## #??????????????????? | | ???????### ?## %% #????????#?????????? | | ??#???#??# ??# ##??????????????????? | | ??????? ? ?# = ## #???????????????????? | | ?#????? ?###% ?### # #???????????????????? | | ???##?? ??## ???### #?????#????#????????? | | ???????? ??? ?????## ##???????????????????? | | ???#??????????? ??????####????????????????????? | | ??????????????? #???#?????????????????????????? | | ######?????????##????????????????????????????????? | | #?????????????????????????????? ????????????? | | #### #?????????????????#?????????????????????????? | | ???# #???? ??????????#???????????????????????????? | | ???# #????????????#??????????????????????????????? | | ???# #??????????????????#????????????????????????? | | ???# #???????????????????????????????????????????? | | ???# #???????????????????????????????????????????? | | #??# #??????? ???????????????????????????????????? | | #### ## #????????????????????????????????????????? | | #????????????????????????????????????????? | | ########????????????????????????????????????????? | | ##?????###??????????????????????????????????????? | | ## ????????????????????????????????????? | | ????????????????????????????????????? | +----------------------------------------------------+ Best States ------------- Heat Dissipation 25 Energy Generation 10 Energy Capacity 250 Matter Stores 316 Matter Capacity 350 Sight Range 16 Terrain Scan Range 16 Terrain Scan Density 10 Evasion (%) 55 Item Schematics ----------------- None Robot Schematics ------------------ None Fabricated ------------ Nothing Alien Tech Used ----------------- None Achievements -------------- None Challenges ------------ None Game ------ Seed EncryptedArmorStick Manual? 0 Play Time 00:22:59 Cumulative 14.0 hours Start 2024.04.07 @ 18:20:07 End 2024.04.07 @ 18:45:37 Sessions 1 Manual Loads 0 Difficulty Rogue Special Mode None Game No. 7 Rogue 7 Adventurer 0 Explorer 0 Win Type - Total 0 Types 0/0/0/0/0/0/0/0/0 Lore% 14 Gallery% 17 Achievement% 12 Wizard Run 0 Options --------- Layout 1 ASCII 0 Keyboard 1 Movement Vi Keybinds 0 Fullscreen 1 Font 24/Terminus Map View 50x35 Zoom Use 0% Tactical HUD 0 Map Filters NONE Filters NONE Steam 1 RUN: f675eea9-7110-4e6c-9e4e-a715e897a90e